 Dungeon Crawl Stone Soup version 0.21-a0-450-gd87a9b2 (webtiles) character file.

914 slep the Skirmisher (level 7, -1/55 HPs)
             Began as a Demonspawn Monk on Nov 20, 2017.
             Was a Believer of Okawaru.
             Slain by an adder (5 damage)
             ... in a sewer.
             The game lasted 00:27:28 (3954 turns).

slep the Skirmisher (Demonspawn Monk)               Turns: 3954, Time: 00:27:30

Health: -1/55      AC:  3    Str: 11    XL:     7   Next: 82%
Magic:  7/7        EV: 12    Int: 11    God:    Okawaru [**....]
Gold:   183        SH:  0    Dex: 18    Spells: 6/6 levels left

rFire    + . .     SeeInvis .   h - +4 spear
rCold    . . .     Gourm    .   (no shield)
rNeg     . . .     Faith    .   z - +0 robe of the Slorg {rF+} (curse)
rPois    .         Spirit   .   b - -1 helmet (curse)
rElec    .         Reflect  .   w - +0 cloak
rCorr    .         Harm     .   (no gloves)
MR       .....                  (no boots)
Stlth    +.........             (no amulet)
HPRegen  0.18/turn              (no ring)
MPRegen  0.10/turn              (no ring)

@: constricted, very slow
A: claws 1, powered by death 2, powered by pain 1
a: Heroism, Renounce Religion


You were in a sewer.
You worshipped Okawaru.
Okawaru was pleased with you.
You were not hungry.

You visited 2 branches of the dungeon, and saw 7 of its levels.
You also visited: Sewer.

You collected 183 gold pieces.

Inventory:

Hand Weapons
 a - a +0 falchion
 h - a +4 spear (weapon)
 t - a +0 blowgun
 v - a +4 whip
Missiles
 u - 23 poisoned needles
Armour
 b - a cursed -1 helmet (worn)
 e - a +0 ring mail
 w - a +0 cloak (worn)
 z - the cursed +0 robe of the Slorg (worn) {rF+}
   (You found it on level 6 of the Dungeon)

   It protects you from fire.
   It has a curse placed upon it.
Scrolls
 d - a scroll of noise {unknown}
 g - 2 scrolls of remove curse {unknown}
 j - a scroll of amnesia {unknown}
 k - 2 scrolls of fear {unknown}
 l - 6 scrolls of identify {unknown}
 q - a scroll of random uselessness {unknown}
 s - a scroll of fog {unknown}
 y - a scroll of enchant weapon {unknown}
 B - a scroll of blinking {unknown}
 C - a scroll of teleportation {unknown}
 D - a scroll of magic mapping {unknown}
Potions
 i - 3 potions of magic
 n - a potion of might
 r - a potion of invisibility {unknown}
 x - a potion of lignification {unknown}
 A - a potion of haste {unknown}
Comestibles
 c - 4 bread rations
 f - 3 meat rations
 m - a chunk of flesh


   Skills:
 + Level 4.6 Fighting
 + Level 3.9 Long Blades
 + Level 4.2 Polearms
 + Level 3.3 Armour
 + Level 4.2 Dodging
 + Level 2.7 Stealth
 + Level 0.2 Unarmed Combat


You had 6 spell levels left.
You didn't know any spells.

Dungeon Overview and Level Annotations

Branches:
Dungeon (6/15)             Temple (1/1) D:6

Altars:
Ashenzari
Dithmenos
Kikubaaqudgha
Makhleb
Nemelex Xobeh
Okawaru
Qazlal
Vehumet
Wu Jian
Xom
Yredelemnul
Zin
The Shining One

Annotations:
D:2 Terence
D:4 Ijyb
D:6 1 runed door


Innate Abilities, Weirdness & Mutations

You have sharp fingernails.
You regenerate health from kills.
You sometimes gain a little power by taking damage.


Message History

You feel better. The ball python misses you. x2
The adder bites you but does no damage. The ball python completely misses you.
The ball python barely misses you. The frilled lizard closely misses you.
The adder bites you but does no damage. The adder completely misses you.
The adder barely misses you. The bullfrog misses you.
The adder barely misses you.
The ball python bites you but does no damage.
The ball python barely misses you. The adder closely misses you.
The frilled lizard bites you.
* * * LOW HITPOINT WARNING * * *
The bullfrog misses you. The adder bites you.
* * * LOW HITPOINT WARNING * * *
The bullfrog hits you.
* * * LOW HITPOINT WARNING * * *
The bullfrog closely misses you. The ball python closely misses you.
The ball python grabs you.
* * * LOW HITPOINT WARNING * * *
The ball python constricts you. The adder bites you but does no damage.
The adder bites you.
You die...

####################
..≈≈≈≈≈≈≈≈≈≈≈≈≈F≈#.###
.≈≈≈≈≈≈≈..≈#†≈SS≈≈...##
.≈≈≈≈≈≈#≈≈#≈≈lF@≈≈....#
.≈≈≈≈≈≈≈≈≈≈≈≈≈SS≈≈....#
..≈≈≈≈≈≈≈≈≈≈≈≈≈≈≈.....##
.#≈≈≈≈≈≈≈≈≈≈≈≈≈≈≈......#
##################....#
####...## #..#....#
#..'..†.# #####...#


You could see 2 bullfrogs, 2 adders, 2 ball pythons and a frilled lizard.

Vanquished Creatures
  Sigmund (D:2)
  A centaur (D:5)
  An ogre (D:6)
  A water moccasin skeleton (D:4)
  2 crimson imps
  An orc priest (D:5)
  An orc wizard (D:5)
  An iguana (D:4)
  A worker ant (D:3)
  A killer bee zombie (D:6)
  Robin (D:2)
  3 gnolls (D:3)
  7 river rats (Sewer)
  13 adders
  A shadow imp (D:6)
  3 oozes
  4 dart slugs
  5 leopard geckos
  3 orcs
  2 giant cockroaches
  14 goblins
  6 hobgoblins
  3 jackals (D:4)
  3 quokkas
  7 ball pythons (Sewer)
  8 bats
  6 frilled lizards
  A jackal zombie (D:2)
  4 kobolds
  A quokka skeleton (D:4)
  31 rats
137 creatures vanquished.

Notes
Turn   | Place    | Note
-------+----------+-------------------------------------------
     0 | D:1      | slep the Demonspawn Monk began the quest for the Orb.
     0 | D:1      | Reached XP level 1. HP: 18/18 MP: 1/1
   260 | D:1      | Gained mutation: You regenerate a little health from kills. [demonic ancestry]
   260 | D:1      | Reached XP level 2. HP: 14/24 MP: 2/2
   744 | D:2      | Found a glowing golden altar of the Shining One.
   773 | D:2      | Gained mutation: You sometimes gain a little power by taking damage. [demonic ancestry]
   773 | D:2      | Reached XP level 3. HP: 21/29 MP: 3/3
   804 | D:2      | Noticed Robin
   814 | D:2      | Noticed Sigmund
  1098 | D:2      | Killed Robin
  1098 | D:2      | Reached skill level 1 in Armour
  1112 | D:2      | Killed Sigmund
  1112 | D:2      | Gained mutation: You regenerate health from kills. [demonic ancestry]
  1112 | D:2      | Reached XP level 4. HP: 26/36 MP: 4/4
  1112 | D:2      | Reached XP level 5. HP: 30/41 MP: 5/5
  1328 | D:2      | Reached skill level 1 in Polearms
  1562 | D:2      | Noticed Terence
  1604 | D:3      | Gained mutation: You have sharp fingernails. [demonic ancestry]
  1604 | D:3      | Reached XP level 6. HP: 39/47 MP: 6/6
  1711 | D:3      | Found a sparkling altar of Nemelex Xobeh.
  2308 | D:4      | Noticed Ijyb
  2464 | D:5      | Entered Level 5 of the Dungeon
  2596 | D:5      | HP: 1/48 [centaur (8)]
  2597 | D:5      | Reached XP level 7. HP: 2/53 MP: 7/7
  3095 | D:5      | Found a shattered altar of Ashenzari.
  3097 | D:5      | Found a shadowy altar of Dithmenos.
  3109 | D:5      | Found a basalt altar of Yredelemnul.
  3194 | D:5      | Found a shimmering altar of Xom.
  3203 | D:5      | Found an ancient bone altar of Kikubaaqudgha.
  3320 | D:6      | Found a staircase to the Ecumenical Temple.
  3329 | Temple   | Entered the Ecumenical Temple
  3363 | Temple   | Became a worshipper of Warmaster Okawaru
  3363 | Temple   | Reached * piety under Okawaru
  3363 | Temple   | Reached ** piety under Okawaru
  3464 | D:6      | Found a burning altar of Makhleb.
  3472 | D:6      | Got a heavily jewelled robe
  3492 | D:6      | Found a runed door.
  3514 | D:6      | Found a glowing drain.
  3523 | Sewer    | Entered a sewer
  3545 | Sewer    | Identified the cursed +0 robe of the Slorg {rF+} (You found it on level 6 of the Dungeon)
  3954 | Sewer    | Slain by an adder

Vault maps used:
D:1:      shiori_arrival_elements, wad_floor_pattern_2
D:2:      tso_metal_star, kennysheep_generic_room_3, uniq_robin, uniq_sigmund,
          uniq_terence
D:3:      nemelex_altar_shiori, first_bread
D:4:      uniq_ijyb
D:5:      minmay_overflow_temple_star_hex
D:6:      kennysheep_steamy, kennysheep_mini, minmay_temple_entry_grid,
          portal_sewer_entry_f, bloody_makhleb, uniq_crazy_yiuf_cottage,
          uniq_prince_ribbit1, uniq_grinder
Temple:   jpeg_temple_alley_garden
Sewer:    sewer_minmay_w

Skill      XL: |  1  2  3  4  5  6  7 |
---------------+----------------------+-----
Dodging        | 3 4 |  4.2
Long Blades    | 3 |  3.9
Stealth        | 2 |  2.7
Armour         | 2 3 |  3.3
Polearms       | 1 3 4 |  4.2
Fighting       | 4 |  4.6
Unarmed Combat | |  0.2

Action                   |  1- 3 |  4- 6 |  7- 9 || total
-------------------------+-------+-------+-------++-------
Melee: Falchion          |   115 |       |       ||   115
       Spear             |    19 |   153 |   283 ||   455
       Unarmed           |       |    15 |       ||    15
       Punch             |       |       |     1 ||     1
Throw: Throwing net      |       |       |     1 ||     1
  Use: Potion            |     3 |       |     8 ||    11
 Stab: Sleeping          |     2 |     1 |       ||     3
  Eat: Chunk             |       |     5 |     6 ||    11
Armor: Ring mail         |    47 |    52 |    36 ||   135
       Robe              |       |       |    47 ||    47
Dodge: Dodged            |    94 |   110 |   327 ||   531
       Rpst.: Falchion   |    23 |       |       ||    23

Table legend:
 A = Spawn XP
 B = Non-spawn XP
 C = Spawn XP percentage of total XP
 D = Spawn monster count
 E = Non-spawn monster count
 F = Spawn count percentage of total count
 G = Total turns spent on level
                    A         B        C        D         E        F      G
               +---------+---------+-------+---------+---------+-------+---------
         Total |       0 |    1306 |   0.0 |       0 |     137 |   0.0 |  3954
               +---------+---------+-------+---------+---------+-------+---------
           D:1 |       0 |      49 |   0.0 |       0 |      22 |   0.0 |   976
           D:2 |       0 |     312 |   0.0 |       0 |      24 |   0.0 |   600
           D:3 |       0 |     162 |   0.0 |       0 |      28 |   0.0 |   493
           D:4 |       0 |     113 |   0.0 |       0 |       8 |   0.0 |   395
           D:5 |       0 |     250 |   0.0 |       0 |       6 |   0.0 |   760
           D:6 |       0 |     223 |   0.0 |       0 |       8 |   0.0 |   235
         Sewer |       0 |     197 |   0.0 |       0 |      41 |   0.0 |   431
               +---------+---------+-------+---------+---------+-------+---------
